 Dungeon Crawl Stone Soup version 0.22-a0-271-gc000056 (webtiles) character file.

210 tidbits the Insei (level 5, 18/41 HPs)
             Began as a Gnoll Transmuter on Mar 11, 2018.
             Quit the game on level 5 of the Dungeon.
             The game lasted 00:04:36 (419 turns).

tidbits the Insei (Gnoll Transmuter)                 Turns: 419, Time: 00:04:37

Health: 18/41      AC:  2    Str: 11 (13) XL:     5   Next: 88%
Magic:  2/12       EV: 14    Int: 14 (16) God:
Gold:   45         SH:  6    Dex: 13 (15) Spells: 8/14 levels left

rFire    + . .     SeeInvis .     - Unarmed
rCold    + . .     Gourm    .   (no shield)
rNeg     . . .     Faith    .   b - +0 robe
rPois    .         Spirit   .   (no helmet)
rElec    .         Reflect  +   (no cloak)
rCorr    .         Harm     .   (no gloves)
MR       .....                  (no boots)
Stlth    ++........             i - +6 amulet of reflection
HPRegen  0.13/turn              g - ring of protection from fire
MPRegen  0.13/turn              l - ring of protection from cold

@: lethally poisoned (18 -> -11)
A: distributed training, fangs 1, strong nose
a: no special abilities


You were on level 5 of the Dungeon.
You were not hungry.

You visited 1 branch of the dungeon, and saw 5 of its levels.

You collected 45 gold pieces.

Inventory:

Missiles
 a - 5 arrows
 f - 6 javelins (quivered)
Armour
 b - a +0 robe (worn)
Jewellery
 g - a ring of protection from fire (left hand)
   (You found it on level 3 of the Dungeon)
 i - a +6 amulet of reflection (around neck)
   (You found it on level 4 of the Dungeon)
 l - a ring of protection from cold (right hand)
   (You found it on level 5 of the Dungeon)
Potions
 h - a potion of curing
 m - a potion of degeneration
Comestibles
 d - 4 rations


   Skills:
 + Level 3.0 Fighting
 + Level 1.6 Short Blades
 + Level 1.6 Long Blades
 + Level 1.6 Axes
 + Level 1.6 Maces & Flails
 + Level 1.6 Polearms
 + Level 1.6 Staves
 + Level 1.6 Slings
 + Level 1.6 Bows
 + Level 1.6 Crossbows
 + Level 1.6 Throwing
 + Level 1.6 Armour
 + Level 4.8 Dodging
 + Level 1.6 Stealth
 + Level 1.6 Shields
 + Level 6.7 Unarmed Combat
 + Level 5.2 Spellcasting
 + Level 1.3 Conjurations
 + Level 1.3 Hexes
 + Level 1.3 Charms
 + Level 1.3 Summonings
 + Level 1.3 Necromancy
 + Level 1.3 Translocations
 + Level 4.0 Transmutations
 + Level 1.3 Fire Magic
 + Level 1.3 Ice Magic
 + Level 1.3 Air Magic
 + Level 1.3 Earth Magic
 + Level 1.3 Poison Magic
 + Level 1.8 Invocations
 + Level 1.6 Evocations


You had 8 spell levels left.
You knew the following spells:

 Your Spells              Type           Power        Failure   Level  Hunger
e - Beastly Appendage     Tmut           ##....       3%          1    None
k - Sticks to Snakes      Tmut           ##......     4%          2    ##.....
p - Spider Form           Tmut/Pois      ##........   17%         3    ###....


Dungeon Overview and Level Annotations

Branches:
Dungeon (5/15)
 Temple: D:4-7

Altars:

Annotations:
D:5 Karim's ghost, novice OgHu


Innate Abilities, Weirdness & Mutations

Your experience applies equally to all skills.
You have very sharp teeth.
Your uncanny sense of smell can sniff out nearby items.


Message History

Your +0 robe melds into your body.
The howler monkey howls!
The howler monkey completely misses you.
The howler monkey hoots and howls with incredible vigour!
You hear an angry hiss.
You hear a shout!
You hear an angry hiss.
You hear a shout!
Casting: Spider Form (safe; 34% risk of failure)
Confirm with . or Enter, or press ? or * to list all spells.
You create a snake!
You now have 5 arrows.
You block the howler monkey's attack.
You hit the howler monkey.
The howler monkey is poisoned.
The howler monkey is lightly wounded.
The howler monkey closely misses you.
You bite the howler monkey!
The howler monkey looks as sick as possible!
The howler monkey is heavily wounded.
You block the howler monkey's attack.
Your ball python barely misses the howler monkey.
Your ball python closely misses the howler monkey.
You hit the howler monkey.
The howler monkey looks as sick as possible!
The howler monkey is severely wounded.
The howler monkey hoots and howls with incredible vigour!
Your ball python closely misses the howler monkey.
Your ball python barely misses the howler monkey.
You hear an angry hiss.
You hear a howl!
You hit the howler monkey.
You kill the howler monkey!
Your Fighting skill increases to level 3!
Your Transmutations skill increases to level 4!
Your transformation is almost over.
You see here a wooden ring.
l - a wooden ring Put on which piece of jewellery? (? for menu, Esc to quit)
l - a ring of protection from cold (right front leg)
You see here 2 bubbling black potions.
m - 2 bubbling black potions You open the door.
An iguana comes into view.
Your transformation has ended.
Your +0 robe unmelds from your body.
There is an open door here.
Unknown command.
Found a lead wand.
Casting: Sticks to Snakes (safe; 4% risk of failure)
Confirm with . or Enter, or press ? or * to list all spells.
You miscast Spider Form.
You are very lightly contaminated with residual magic.
Strange energies run through your body.
Casting: Spider Form (safe; 16% risk of failure)
Confirm with . or Enter, or press ? or * to list all spells.
You don't have enough magic to cast that spell.
Casting: Spider Form (safe; 16% risk of failure)
Confirm with . or Enter, or press ? or * to list all spells.
Your feet morph into talons.
You hit the iguana but do no damage. You bite the iguana, but do no damage.
Your ball python barely misses the iguana.
Your ball python closely misses the iguana.
The iguana misses you.
You hit the iguana. You claw the iguana.
The iguana is heavily wounded.
Your ball python bites the iguana.
Your ball python grabs the iguana.
Your ball python constricts the iguana.
The iguana bites your ball python.
Your ball python dies!
The iguana hisses angrily.
You closely miss the iguana.
You kill the iguana!
A hound skeleton comes into view.
It was a potion of curing.
You feel better.
Your transformation is almost over.
It was a potion of degeneration.
There was something very wrong with that liquid.
You feel weakened.
You feel dopey.
You feel clumsy.
It was a potion of cancellation.
Your magical effects are unravelling.
You feel magically purged.
Your magical contamination has completely faded away.
Your talons disappear.
As you read the scroll labeled JUFFOO ZEOB, it crumbles to dust.
The creatures around you are filled with an inner flame!
It was a scroll of immolation.
As you read the scroll labeled YJEAKK JEPE, it crumbles to dust.
It is a scroll of amnesia.
Okay, then.
Karim's ghost hits you!
You are poisoned.
You block the hound skeleton's attack.
As you read the scroll labeled HYREXI LOEGUS, it crumbles to dust.
Your hands glow shimmering beige for a moment.
It was a scroll of random uselessness.
You feel sick.
The hound skeleton bites you but does no damage.
Karim's ghost hits you!
* * * LOW HITPOINT WARNING * * *
You are lethally poisoned!
Unknown command.
Press: ? - help, v - describe, . - travel
Here: Karim's ghost, wielding a weapon of venom (inner flame)
The floor.
Unknown command.
Are you sure you want to abandon this character and quit the game? (Confirm with "yes".)

.# +...#......
.# #.†.#.....
Z# #.<.#....
<# #..##...#
.# ##..# ...#
##
#...##...##..
+....#.......
##.ZW'.......
#..@#...##..
........#...#
...##..##....#
.. #..# ...##
. #..# ...#
#.. .... ../
..... ....


You could see Karim's ghost (inner flame) and a hound skeleton (inner flame).

Vanquished Creatures
  A big kobold (D:3)
  2 howler monkeys
  An iguana (D:5)
  An adder (D:3)
  An ooze (D:1)
  A dart slug (D:1)
  A worm (D:2)
  An orc (D:3)
  2 giant cockroaches
  A goblin (D:3)
  A hobgoblin (D:2)
  6 jackals
  A kobold (D:2)
  3 bats
  2 frilled lizards
  3 rats
28 creatures vanquished.

Vanquished Creatures (collateral kills)
  An adder (D:2)
  A bat (D:3)
  A rat (D:2)
3 creatures vanquished.

Grand Total: 31 creatures vanquished

Notes
Turn   | Place    | Note
-------+----------+-------------------------------------------
     0 | D:1      | tidbits the Gnoll Transmuter began the quest for the Orb.
     0 | D:1      | Reached XP level 1. HP: 17/17 MP: 6/6
    32 | D:1      | Reached XP level 2. HP: 19/23 MP: 5/7
    36 | D:1      | Learned a level 2 spell: Sticks to Snakes
    75 | D:2      | Reached skill level 5 in Spellcasting
    75 | D:2      | Reached XP level 3. HP: 19/28 MP: 4/9
   127 | D:2      | Learned a level 3 spell: Spider Form
   200 | D:3      | Reached skill level 1 in Invocations
   239 | D:3      | Noticed a big kobold
   246 | D:3      | Killed a big kobold
   246 | D:3      | Reached skill level 1 in Short Blades
   246 | D:3      | Reached skill level 1 in Long Blades
   246 | D:3      | Reached skill level 1 in Axes
   246 | D:3      | Reached skill level 1 in Maces & Flails
   246 | D:3      | Reached skill level 1 in Polearms
   246 | D:3      | Reached skill level 1 in Staves
   246 | D:3      | Reached skill level 1 in Slings
   246 | D:3      | Reached skill level 1 in Bows
   246 | D:3      | Reached skill level 1 in Crossbows
   246 | D:3      | Reached skill level 1 in Throwing
   246 | D:3      | Reached skill level 1 in Armour
   246 | D:3      | Reached skill level 1 in Stealth
   246 | D:3      | Reached skill level 1 in Shields
   246 | D:3      | Reached skill level 1 in Conjurations
   246 | D:3      | Reached skill level 1 in Hexes
   246 | D:3      | Reached skill level 1 in Charms
   246 | D:3      | Reached skill level 1 in Summonings
   246 | D:3      | Reached skill level 1 in Necromancy
   246 | D:3      | Reached skill level 1 in Translocations
   246 | D:3      | Reached skill level 1 in Fire Magic
   246 | D:3      | Reached skill level 1 in Ice Magic
   246 | D:3      | Reached skill level 1 in Air Magic
   246 | D:3      | Reached skill level 1 in Earth Magic
   246 | D:3      | Reached skill level 1 in Poison Magic
   246 | D:3      | Reached skill level 1 in Evocations
   246 | D:3      | Reached XP level 4. HP: 24/34 MP: 4/11
   246 | D:3      | Reached XP level 5. HP: 28/40 MP: 4/12
   317 | D:5      | Entered Level 5 of the Dungeon
   321 | D:5      | Noticed Karim's ghost (novice OgHu)
   397 | D:5      | Reached skill level 3 in Fighting
   397 | D:5      | Reached skill level 4 in Transmutations
   419 | D:5      | Quit the game

Vault maps used:
D:1:      doesnt_arrival_eight_statues
D:2:      makhleb_blood_cavern_becter, nicolae_dithmenos_shadow_blocks,
          old_standard_altar, grunt_gozag_breadcrumbs, uniq_crazy_yiuf_cottage
D:3:      cheibrodos_pilgrimage
D:4:      first_ration
D:5:      old_standard_altar, uniq_menkaure, uniq_duvessa

Skill      XL: |  1  2  3  4  5 |
---------------+----------------+-----
Spellcasting   | 5 |  5.2
Invocations    | 1 |  1.8
Short Blades   | 1 |  1.6
Long Blades    | 1 |  1.6
Axes           | 1 |  1.6
Maces & Flails | 1 |  1.6
Polearms       | 1 |  1.6
Staves         | 1 |  1.6
Slings         | 1 |  1.6
Bows           | 1 |  1.6
Crossbows      | 1 |  1.6
Throwing       | 1 |  1.6
Armour         | 1 |  1.6
Stealth        | 1 |  1.6
Shields        | 1 |  1.6
Conjurations   | 1 |  1.3
Hexes          | 1 |  1.3
Charms         | 1 |  1.3
Summonings     | 1 |  1.3
Necromancy     | 1 |  1.3
Translocations | 1 |  1.3
Fire Magic     | 1 |  1.3
Ice Magic      | 1 |  1.3
Air Magic      | 1 |  1.3
Earth Magic    | 1 |  1.3
Poison Magic   | 1 |  1.3
Evocations     | 1 |  1.6
Fighting       | 3 |  3.0
Transmutations | 4 |  4.0
Dodging        | |  4.8
Unarmed Combat | |  6.7

Action                   |  1- 3 |  4- 6 || total
-------------------------+-------+-------++-------
Melee: Unarmed           |    41 |    17 ||    58
       Kick              |    10 |     2 ||    12
       Bite              |     1 |     1 ||     2
       Punch             |     1 |       ||     1
 Cast: Beastly Appendage |     5 |     1 ||     6
       Sticks to Snakes  |     2 |     4 ||     6
       Spider Form       |     3 |     3 ||     6
  Use: Scroll            |       |     5 ||     5
       Potion            |       |     4 ||     4
Armor: Robe              |     4 |     1 ||     5
Dodge: Dodged            |    30 |    18 ||    48
Block: Other             |       |     5 ||     5

Table legend:
 A = Spawn XP
 B = Non-spawn XP
 C = Spawn XP percentage of total XP
 D = Spawn monster count
 E = Non-spawn monster count
 F = Spawn count percentage of total count
 G = Total turns spent on level
                    A         B        C        D         E        F      G
               +---------+---------+-------+---------+---------+-------+---------
         Total |       0 |     301 |   0.0 |       0 |      31 |   0.0 |   419
               +---------+---------+-------+---------+---------+-------+---------
           D:1 |       0 |      20 |   0.0 |       0 |       7 |   0.0 |    50
           D:2 |       0 |      22 |   0.0 |       0 |       7 |   0.0 |    80
           D:3 |       0 |     169 |   0.0 |       0 |      14 |   0.0 |   170
           D:4 |       0 |       1 |   0.0 |       0 |       1 |   0.0 |    84
           D:5 |       0 |      89 |   0.0 |       0 |       2 |   0.0 |    35
               +---------+---------+-------+---------+---------+-------+---------

Table legend:
 A = Turns spent in this place as a percentage of turns spent in the entire game.
 B = Non-inter-level travel turns spent in this place as a percentage of non-inter-level travel turns spent in the entire game.
 C = Inter-level travel turns spent in this place as a percentage of turns spent in this place.
 D = Turns resting spent in this place as a percentage of non-inter-level travel turns spent in this place.
 E = Turns spent auto-exploring this place as a percentage of non-inter-level travel turns spent in this place.
 F = Non-inter-level travel turns spent in this place divided by the number of levels of this place that you've seen.
                   A       B       C       D       E      F
               +-------+-------+-------+-------+-------+----------------------
         Total | 100.0 | 100.0 |   0.0 |   0.0 |   0.0 |  83.8
       Dungeon | 100.0 | 100.0 |   0.0 |   0.0 |   0.0 |  83.8
               +-------+-------+-------+-------+-------+----------------------

Table legend:
 A = Kills in this place as a percentage of kills in entire the game.
 B = Kills by you in this place as a percentage of kills by you in the entire game.
 C = Kills by friends in this place as a percentage of kills by friends in the entire game.
 D = Other kills in this place as a percentage of other kills in the entire game.
 E = Experience gained in this place as a percentage of experience gained in the entire game.
 F = Experience gained in this place divided by the number of levels of this place that you have seen.
                   A       B       C       D       E      F
               +-------+-------+-------+-------+-------+----------------------
         Total | 100.0 | 100.0 | 100.0 |   N/A | 100.0 |  60.2
       Dungeon | 100.0 | 100.0 | 100.0 |   N/A | 100.0 |  60.2
               +-------+-------+-------+-------+-------+----------------------

Vault maps used:
D:1:      doesnt_arrival_eight_statues
D:2:      makhleb_blood_cavern_becter, nicolae_dithmenos_shadow_blocks,
          old_standard_altar, grunt_gozag_breadcrumbs, uniq_crazy_yiuf_cottage
D:3:      cheibrodos_pilgrimage
D:4:      first_ration
D:5:      old_standard_altar, uniq_menkaure, uniq_duvessa
